 Dungeon Crawl Stone Soup version 0.28-a0-8-g6e044cfa68 (webtiles) character file.

Game seed: 7401409915157238317

38495 pokeman the Eclecticist (level 13, -8/72 HPs)
             Began as a Deep Elf Hedge Wizard on July 24, 2021.
             Was a Believer of Vehumet.
             Hit by a large rock thrown by a stone giant (41 damage)
             ... on level 15 of the Dungeon.
             The game lasted 01:04:32 (20954 turns).

pokeman the Eclecticist (Deep Elf Hedge Wizard)    Turns: 20954, Time: 01:04:32

Health: -8/72      AC: 14    Str:  7    XL:     13   Next: 64%
Magic:  25/37      EV: 11    Int: 25    God:    Vehumet [**....]
Gold:   1064       SH:  0    Dex: 14    Spells: 24/48 levels left

rFire   + . .      SeeInvis .   C - staff of fire
rCold   . . .      Faith    .   (no shield)
rNeg    . . .      Spirit   .   c - +0 acid dragon scales
rPois   .          Reflect  .   T - +1 helmet
rElec   .          Harm     .   A - +1 cloak
rCorr   +          Rampage  .   N - +0 pair of gloves
Will    ++...                   x - +0 pair of boots
Stlth   ++........              H - amulet of magic regeneration
HPRegen 0.22/turn               W - ring of wizardry
MPRegen 0.50/turn               a - ring of willpower

@: no status effects
A: no striking features
a: Renounce Religion


You were on level 15 of the Dungeon.
You worshipped Vehumet.
Vehumet was pleased with you.
You visited 2 branches of the dungeon, and saw 16 of its levels.
You also visited: Ossuary.

You collected 1064 gold pieces.

Inventory:

Hand Weapons
 O - a +0 shortbow
Missiles
 d - 3 atropa-tipped darts
 m - 334 arrows
Armour
 c - +0 acid dragon scales (worn)
 v - a +0 kite shield
 x - a +0 pair of boots (worn)
 A - a +1 cloak (worn)
 N - a +0 pair of gloves (worn)
 T - a +1 helmet (worn)
Magical Staves
 C - a staff of fire (weapon)
Jewellery
 a - a ring of willpower (right hand)
 e - a +6 ring of strength
 z - a ring of protection from cold
 H - an amulet of magic regeneration (around neck)
 W - a ring of wizardry (left hand)
 X - a ring of flight
Wands
 G - a wand of mindburst (5)
 I - a wand of iceblast (5)
 Q - a wand of acid (1)
Scrolls
 i - 3 scrolls of teleportation
 y - a scroll of magic mapping
 E - 3 scrolls of blinking {unknown}
 R - 2 scrolls of silence {unknown}
 S - 3 scrolls of vulnerability {unknown}
 U - a scroll of acquirement {unknown}
Potions
 h - 5 potions of curing
 j - 2 potions of resistance {unknown}
 l - 4 potions of flight {unknown}
 n - 2 potions of attraction {unknown}
 r - a potion of cancellation {unknown}
 s - 2 potions of berserk rage {unknown}
 t - 5 potions of heal wounds
 u - 2 potions of magic {unknown}
 J - 2 potions of degeneration {unknown}
 M - 2 potions of haste {unknown}
Miscellaneous
 b - a phantom mirror
 V - a phantom mirror
 Y - a tin of tremorstones (2/2)


   Skills:
 - Level 5.0 Fighting
 - Level 6.0 Armour
 - Level 3.0 Dodging
 - Level 3.1 Stealth
 + Level 3.7 Shields
 * Level 18.4 Spellcasting
 + Level 11.6 Conjurations
 - Level 1.1 Summonings
 - Level 1.1 Translocations
 + Level 9.0 Fire Magic
 - Level 6.0 Air Magic
 - Level 1.0 Poison Magic
 - Level 3.2 Evocations


You had 24 spell levels left.
You knew the following spells:

 Your Spells              Type           Power      Damage    Failure   Level
a - Magic Dart            Conj           100%       1d8       1%          1
b - Mephitic Cloud        Conj/Pois/Air  52%        N/A       1%          3
c - Call Imp              Summ           28%        N/A       1%          2
d - Blink                 Tloc           N/A        N/A       1%          2
e - Conjure Flame         Conj/Fire      84%        6-21      1%          3
f - Foxfire               Conj/Fire      100%       2x1d9     1%          1
g - Lightning Bolt        Conj/Air       30%        1d47      1%          5
h - Orb of Destruction    Conj           34%        9d12      11%         7

Your spell library contained the following spells:

 Spells                   Type           Power      Damage    Failure   Level
 Inner Flame              Hex/Fire       62%        N/A       1%          3
 Animate Skeleton         Necr           46%        N/A       1%          1
 Apportation              Tloc           56%        N/A       1%          1
 Corona                   Hex            25%        N/A       1%          1
 Summon Small Mammal      Summ           100%       N/A       1%          1
 Airstrike                Air            26%        N/A       1%          4
 Hailstorm                Conj/Ice       51%        3d11      1%          4
 Ensorcelled Hibernation  Hex/Ice        46%        N/A       2%          2
 Slow                     Hex            23%        N/A       2%          2
 Call Canine Familiar     Summ           28%        N/A       2%          3
 Gell's Gravitas          Tloc           14%        N/A       2%          3
 Teleport Other           Tloc           28%        N/A       2%          3
 Portal Projectile        Hex/Tloc       50%        N/A       3%          3
 Summon Guardian Golem    Hex/Summ       25%        N/A       3%          3
 Summon Lightning Spire   Summ/Air       40%        N/A       3%          4
 Tukima's Dance           Hex            23%        N/A       4%          3
 Ice Form                 Ice/Tmut       23%        N/A       14%         4
 Leda's Liquefaction      Hex/Erth       11%        N/A       14%         4
 Spellforged Servitor     Conj/Summ      26%        N/A       63%         7
 Dispersal                Tloc           14%        N/A       77%         6
 Simulacrum               Ice/Necr       11%        N/A       89%         6


Dungeon Overview and Level Annotations

Branches:
Dungeon (15/15)            Temple (1/1) D:6            Lair (0/6) D:11
    Orc (0/2) D:10         Vaults (0/5) D:13        Ossuary (visited)
 Depths: D:15

Altars:
Ashenzari
Cheibriados
Dithmenos
Elyvilon
Fedhas
Gozag
Hepliaklqana
Kikubaaqudgha
Makhleb
Nemelex Xobeh
Okawaru
Qazlal
Ru
Sif Muna
Trog
Uskayaw
Vehumet
Wu Jian
Xom
Yredelemnul
Zin
The Shining One

Shops:
D:3 [   D:5 =   D:14 *

Annotations:
D:15 Rupert


Message History

Aim: a green ugly thing (flame, heavily wounded, 64% to hit)
You hear a mighty clap of thunder!
The bolt of lightning hits the green ugly thing!!
The green ugly thing is almost dead.
The bolt of lightning misses the tengu warrior.
The tengu warrior is engulfed in blazing flames.
The green ugly thing is engulfed in blazing flames.
You kill the green ugly thing!
Vehumet accepts your kill.
You feel your power returning.
Unknown command.
Casting: Lightning Bolt (dangerous; 1% risk of failure)
Confirm with . or Enter, or press ? or * to list all spells.
Aiming: Lightning Bolt (dangerous; 1% risk of failure)
Press: ? - help, Shift-Dir - straight line, f - tengu warrior
Aim: a tengu warrior, wielding a +0 longbow and quivering arrows (flame, almost dead, 36% to hit)
You hear a mighty clap of thunder!
The bolt of lightning hits the tengu warrior!!
You kill the tengu warrior!
Vehumet accepts your kill.
You feel your power returning.
Your Fire Magic skill increases to level 9!
Unknown command.
You start resting.
A tengu warrior comes into view. It is wielding a +0 longbow.
Casting: Lightning Bolt (dangerous; 1% risk of failure)
Confirm with . or Enter, or press ? or * to list all spells.
Aiming: Magic Dart (safe; 1% risk of failure)
Press: ? - help, Shift-Dir - straight line, f - tengu warrior
Aim: a tengu warrior, wielding a +0 longbow and quivering arrows (wandering, hasn't noticed you, 100% to hit)
The magic dart hits the tengu warrior.
The tengu warrior is lightly wounded.
The tengu warrior shouts!
The tengu warrior shoots an arrow.
The arrow closely misses you.
A stone giant comes into view.
The stone giant throws a large rock.
The large rock hits you!!
Unknown command.
The stone giant throws a large rock.
The large rock hits you!!!
Ouch! That really hurt!
You die...

### #@#
#†# #☼#
#○# #.#
#.# #C#
#.'u#
...Q#.#


You could see a stone giant and a white ugly thing.

Vanquished Creatures
  Harold (D:7)
  A boulder beetle (D:11)
  3 hydras
  3 death knights
  7 two-headed ogres
  A centaur warrior (D:9)
  A tengu warrior (D:15)
  5 skeletal warriors
  Pikel (D:7)
  A lindwurm (shapeshifter) (D:14)
  3 cyclopes
  17 ugly things
  4 deep elf pyromancers
  2 manticores
  2 gargoyles (D:13)
  An unseen horror (D:10)
  A freezing wraith (D:13)
  A komodo dragon (D:12)
  A queen bee (D:11)
  2 trolls
  A hornet (D:8)
  7 slime creatures
  A meliai zombie (D:11)
  Sigmund (D:2)
  2 shadows
  6 yaks (D:11)
  2 vampires
  6 wraiths
  2 wyverns
  A steam dragon (D:6)
  A basilisk (D:11)
  A warg (D:10)
  5 water moccasins
  2 acid dragons
  7 orc warriors
  2 black bears (D:4)
  2 ogres (D:6)
  An ice beast (D:8)
  4 sky beasts
  4 boggarts
  A phantom (D:6)
  5 centaurs
  A kobold brigand (D:9)
  5 water moccasin zombies
  2 scorpions
  3 bullfrogs
  A wyvern skeleton (D:7)
  24 killer bees (D:11)
  14 wights (D:8)
  3 howler monkeys
  2 bullfrog zombies
  4 centaur zombies
  A hound (D:5)
  Crazy Yiuf (D:4)
  2 bullfrog skeletons
  A gnoll shaman (D:9)
  A jelly (D:8)
  6 orc priests
  3 iguanas
  A scorpion zombie (D:5)
  8 orc wizards
  A hound zombie (D:5)
  2 mummies (Ossuary)
  A howler monkey zombie (D:9)
  6 adders
  8 gnolls
  A white imp (D:7)
  4 adder zombies (Ossuary)
  An adder skeleton (D:5)
  A worm (D:4)
  37 orcs
  11 ball pythons
  3 bats
  9 endoplasms
  2 giant cockroaches (D:1)
  5 gnoll zombies (Ossuary)
  6 goblins
  8 hobgoblins
  10 jackals
  9 frilled lizards
  6 hobgoblin zombies (Ossuary)
  11 kobolds
  7 kobold zombies (Ossuary)
  4 orc zombies (Ossuary)
  6 rats
364 creatures vanquished.

Vanquished Creatures (collateral kills)
  A killer bee (D:11)
1 creature vanquished.

Vanquished Creatures (others)
  A killer bee (D:11)
  An orc wizard (D:9)
  A bush (D:11)
  29 foxfires
  4 fungi
  14 plants (D:11)
  3 toadstools (D:4)
53 creatures vanquished.

Grand Total: 418 creatures vanquished

Notes
Turn   | Place    | Note
-------+----------+-------------------------------------------
     0 | D:1      | pokeman the Deep Elf Hedge Wizard began the quest for the
                  | Orb.
     0 | D:1      | Reached XP level 1. HP: 10/10 MP: 7/7
   139 | D:1      | Found a faded altar of an unknown god.
   245 | D:1      | Reached XP level 2. HP: 16/16 MP: 7/9
   717 | D:1      | Reached skill level 5 in Spellcasting
   832 | D:1      | Reached XP level 3. HP: 20/20 MP: 5/11
   836 | D:1      | Learned a level 3 spell: Mephitic Cloud
   839 | D:1      | Learned a level 2 spell: Call Imp
   842 | D:1      | Learned a level 2 spell: Blink
   846 | D:1      | Learned a level 3 spell: Conjure Flame
  1212 | D:2      | Noticed Sigmund
  1227 | D:2      | Killed Sigmund
  1228 | D:2      | Reached skill level 1 in Fighting
  1228 | D:2      | Reached skill level 1 in Armour
  1228 | D:2      | Reached skill level 6 in Spellcasting
  1228 | D:2      | Reached XP level 4. HP: 26/26 MP: 5/14
  1228 | D:2      | Reached XP level 5. HP: 30/30 MP: 5/15
  2179 | D:3      | Noticed a sky beast
  2236 | D:3      | Killed a sky beast
  2237 | D:3      | Reached skill level 1 in Fire Magic
  2237 | D:3      | Reached XP level 6. HP: 35/35 MP: 13/17
  2463 | D:3      | Reached skill level 7 in Spellcasting
  2707 | D:3      | Found a broken altar of Ashenzari.
  2841 | D:3      | Found Fudiyg's Antique Armour Shoppe.
  2922 | D:3      | Found a hazy altar of Hepliaklqana.
  3388 | D:4      | Found a sand-covered staircase.
  3397 | Ossuary  | Entered an ossuary
  3467 | Ossuary  | Reached skill level 1 in Air Magic
  3674 | Ossuary  | Reached XP level 7. HP: 34/39 MP: 18/20
  3730 | Ossuary  | Reached skill level 1 in Poison Magic
  3738 | Ossuary  | Reached skill level 8 in Spellcasting
  4042 | D:4      | Learned a level 5 spell: Lightning Bolt
  4534 | D:4      | Found a burning altar of Makhleb.
  4557 | D:4      | Reached XP level 8. HP: 32/44 MP: 15/22
  4702 | D:4      | Reached skill level 9 in Spellcasting
  5017 | D:4      | Found a runed translucent door.
  5018 | D:4      | Noticed Crazy Yiuf
  5034 | D:4      | Killed Crazy Yiuf
  5232 | D:5      | Entered Level 5 of the Dungeon
  5765 | D:5      | Reached skill level 5 in Conjurations
  6322 | D:5      | Found Qufrotos's Jewellery Emporium.
  6539 | D:6      | Reached skill level 10 in Spellcasting
  7004 | D:6      | Learned a level 7 spell: Orb of Destruction
  7187 | D:6      | Found a staircase to the Ecumenical Temple.
  7194 | Temple   | Entered the Ecumenical Temple
  7369 | D:6      | Reached XP level 9. HP: 32/49 MP: 14/25
  7429 | D:6      | Noticed an angel
  7430 | D:6      | Found a glowing silver altar of Zin.
  7430 | D:6      | Found a shimmering altar of Xom.
  7678 | D:7      | Noticed a two-headed ogre
  7722 | D:7      | Reached skill level 11 in Spellcasting
  7836 | D:7      | Noticed Pikel
  7857 | D:7      | Killed Pikel
  7858 | D:7      | Reached skill level 1 in Evocations
  7958 | D:7      | Killed a two-headed ogre
  8106 | D:7      | Noticed Harold
  8118 | D:7      | Reached skill level 12 in Spellcasting
  8134 | D:7      | Killed Harold
  8135 | D:7      | Reached XP level 10. HP: 26/56 MP: 15/28
  8597 | D:8      | Found a hide-covered altar of Uskayaw.
  8690 | D:8      | Reached skill level 5 in Fire Magic
  8934 | D:8      | Found a sacrificial altar of Ru.
  9248 | D:8      | Found a white marble altar of Elyvilon.
  9254 | D:8      | Found an ancient bone altar of Kikubaaqudgha.
  9709 | D:8      | Reached skill level 13 in Spellcasting
  9970 | D:8      | Found an iron altar of Okawaru.
 10390 | D:9      | Found a shadowy altar of Dithmenos.
 10570 | D:9      | Noticed a centaur warrior
 10590 | D:9      | Killed a centaur warrior
 10595 | D:9      | Noticed a deep elf pyromancer
 10895 | D:9      | Killed a deep elf pyromancer
 10896 | D:9      | Reached skill level 5 in Fighting
 10956 | D:9      | Noticed a deep elf pyromancer
 10966 | D:9      | Killed a deep elf pyromancer
 10969 | D:9      | Noticed a manticore
 10972 | D:9      | Noticed a purple ugly thing
 10976 | D:9      | Killed a manticore
 10977 | D:9      | Reached XP level 11. HP: 51/63 MP: 11/30
 10977 | D:9      | Killed a purple ugly thing
 10978 | D:9      | Reached skill level 14 in Spellcasting
 10978 | D:9      | Noticed a deep elf pyromancer
 10994 | D:9      | Killed a deep elf pyromancer
 10995 | D:9      | Reached skill level 5 in Air Magic
 11759 | D:9      | Noticed a death knight
 11795 | D:9      | Killed a death knight
 11990 | D:9      | Found a glowing golden altar of the Shining One.
 12146 | D:9      | Found a radiant altar of Vehumet.
 12154 | D:9      | Became a worshipper of Vehumet
 12605 | D:10     | Entered Level 10 of the Dungeon
 12759 | D:10     | Found a staircase to the Orcish Mines.
 12771 | D:10     | Identified the +0 leather armour of Cowardice {Fly Regen+
                  | Int-3 Slay+4}
 13413 | D:10     | Noticed a two-headed ogre
 13419 | D:10     | Killed a two-headed ogre
 13590 | D:11     | Noticed a four-headed hydra
 13595 | D:11     | Killed a four-headed hydra
 13596 | D:11     | Reached skill level 15 in Spellcasting
 13962 | D:11     | Noticed a boulder beetle
 14019 | D:11     | Killed a boulder beetle
 14326 | D:11     | Noticed a two-headed ogre
 14346 | D:11     | Killed a two-headed ogre
 14346 | D:11     | Reached * piety under Vehumet
 14346 | D:11     | Offered knowledge of Foxfire by Vehumet.
 14347 | D:11     | Reached skill level 5 in Armour
 14347 | D:11     | Reached XP level 12. HP: 23/68 MP: 1/33
 14349 | D:11     | Learned a level 1 spell: Foxfire
 14966 | D:11     | Found a staircase to the Lair.
 15125 | D:11     | Reached skill level 16 in Spellcasting
 15130 | D:11     | Reached skill level 10 in Conjurations
 15709 | D:12     | Offered knowledge of Searing Ray by Vehumet.
 15990 | D:12     | Noticed a two-headed ogre
 15998 | D:12     | Noticed a two-headed ogre
 15999 | D:12     | Killed a two-headed ogre
 15999 | D:12     | Reached ** piety under Vehumet
 16030 | D:12     | Killed a two-headed ogre
 16654 | D:13     | Noticed a two-headed ogre
 16654 | D:13     | Noticed a two-headed ogre
 16660 | D:13     | Killed a two-headed ogre
 16662 | D:13     | Killed a two-headed ogre
 16814 | D:13     | Noticed a death knight
 16826 | D:13     | Killed a death knight
 17101 | D:13     | Reached skill level 17 in Spellcasting
 17105 | D:13     | Noticed a five-headed hydra
 17186 | D:13     | Killed a five-headed hydra
 17187 | D:13     | Reached skill level 1 in Shields
 17348 | D:13     | Noticed a seven-headed hydra
 17355 | D:13     | Killed a seven-headed hydra
 17478 | D:13     | Found a gate to the Vaults.
 17812 | D:14     | Found Vuehink's Assorted Antiques.
 17975 | D:13     | Reached XP level 13. HP: 46/72 MP: 18/36
 19937 | D:14     | Reached skill level 18 in Spellcasting
 20014 | D:14     | Offered knowledge of Inner Flame by Vehumet.
 20589 | D:14     | Found a glowing golden altar of the Shining One.
 20714 | D:15     | Entered Level 15 of the Dungeon
 20841 | D:15     | Noticed Rupert
 20952 | D:15     | Noticed a stone giant
 20954 | D:15     | Hit by a large rock thrown by a stone giant

Illustrated notes

Levels and vault maps discovered:
D:1:      lightli_arrival_maybe_door_vault, layout_basic,
          ebering_ecumenical_altar_mist, minmay_lizard_pond
D:2:      layout_basic, uniq_sigmund
D:3:      layout_loops_ring, nicolae_hepliaklqana_hippocampus,
          evilmike_ruin_ashenzari, serial_glass, glass_columns_a,
          glass_columns_a, item_on_display_a, item_on_display_a,
          feat_on_display, serial_shops, nicolae_shop_stone,
          minmay_quadrilaterals
D:4:      layout_basic, lemuel_crystal_altar,
          lightli_ossuary_entry_decrepit_ruins, minmay_gold_behind_fungi,
          uniq_crazy_yiuf_cottage
D:5:      layout_loops_ring, serial_shops, shop_fountains
D:6:      layout_basic, grunt_temple_overflow_order_and_chaos_1,
          minmay_temple_entry_gardened_gates
D:7:      layout_gridville, uniq_harold, uniq_pikel
D:8:      layout_basic, eat_drink_and_be_merry_uskayaw,
          mainiacjoe_overflow_alcove_2, mainiacjoe_overflow_surrounded_room,
          nicolae_overflow_hidden_temple, serial_co_window_serial,
          co_window_corner_a, co_window_paths_a, co_window_paths_b,
          co_window_corner_a, co_window_of_opportunity_a, co_window_corner_ca,
          co_window_2corner, co_window_cross_3, co_window_broadway_b,
          co_window_2corner, glass_columns_b, glass_columns_a, glass_columns_a,
          glass_columns_a
D:9:      minmay_the_grid_triangle_9x9_rhombus_thin_mashed
          [minmay_the_grid_triangle_9x9_stretched_checkered,
          minmay_the_grid_triangle_9x9_prize_top_heavy,
          minmay_the_grid_triangle_9x9_odd_lines,
          minmay_the_grid_triangle_9x9_swiss_cheese], layout_small_grid,
          mainiacjoe_overflow_chevrons, nicolae_dithmenos_shadow_blocks,
          nicolae_vehumet_altar_sigil
D:10:     layout_rooms, david_orc_3
D:11:     layout_loops_corners, minmay_lair_entry_grove, special_room
          [special_room_bee], nzn_life_drinkers
D:12:     layout_roguey
D:13:     layout_roguey, david_vaults_1
D:14:     layout_rooms, tso_altar, nicolae_stop_n_shop_1
D:15:     grunt_enter_depths_snipers, layout_basic, minmay_misc_feat_rows,
          uniq_rupert, uniq_nessos
Temple:   nicolae_temple_figure_zero

Skill      XL: |  1  2  3  4  5  6  7  8  9 10 11 12 13 |
---------------+----------------------------------------+-----
Spellcasting   | 5 6 7 8 10 12 13 15 17 18 | 18.4
Fighting       | 1 2 3 5 |  5.0
Armour         | 1 2 3 5 6 |  6.0
Conjurations   | 2 3 4 5 7 8 9 10 11 | 11.6
Fire Magic     | 1 2 4 5 7 9 |  9.0
Dodging        | 3 |  3.0
Air Magic      | 1 3 4 6 |  6.0
Stealth        | 3 |  3.1
Poison Magic   | 1 |  1.0
Evocations     | 3 |  3.2
Shields        | 1 3 |  3.7
Summonings     | |  1.1
Translocations | |  1.1

Action                   |  1- 3 |  4- 6 |  7- 9 | 10-12 | 13-15 || total
-------------------------+-------+-------+-------+-------+-------++-------
Melee: Glaive            |     3 |       |       |       |       ||     3
       Dagger            |       |    37 |   101 |    80 |       ||   218
       Short sword       |       |    15 |       |    48 |       ||    63
       Staff             |       |       |       |       |    10 ||    10
 Cast: Magic Dart        |    66 |    93 |   163 |   115 |     3 ||   440
       Conjure Flame     |     1 |     7 |    23 |    57 |    20 ||   108
       Mephitic Cloud    |     1 |     3 |    15 |    51 |     5 ||    75
       Blink             |       |     1 |     5 |     8 |    16 ||    30
       Call Imp          |       |       |     5 |     9 |     6 ||    20
       Lightning Bolt    |       |       |     5 |   152 |    29 ||   186
       Foxfire           |       |       |       |    15 |     3 ||    18
       Orb of Destructio |       |       |       |     4 |    18 ||    22
Evoke: Wand              |       |       |       |     5 |       ||     5
  Use: Potion            |       |     2 |       |       |       ||     2
       Scroll            |       |       |       |    14 |     1 ||    15
 Stab: Sleeping          |     1 |     1 |       |       |       ||     2
       Confused          |       |     1 |     4 |    17 |       ||    22
Armor: Robe              |     1 |    12 |     4 |       |       ||    17
       Leather armour    |       |       |    20 |       |       ||    20
       Steam dragon scal |       |       |    11 |    42 |       ||    53
       Acid dragon scale |       |       |       |    30 |    19 ||    49
Dodge: Dodged            |     4 |    35 |    76 |   121 |    18 ||   254

Table legend: (Time is in decaauts)
 A = Elapsed time spent in this place.
 B = Non-inter-level travel time spent in this place.
 C = Inter-level travel time spent in this place.
 D = Time resting spent in this place.
 E = Time spent auto-exploring this place.
 F = Levels seen in this place.
 G = Mean time per level.
                   A        B        C        D        E       F      G
               +--------+--------+--------+--------+--------+-----+--------+
         Total |  21007 |  19529 |   1478 |   3278 |  12476 |  17 | 1235.7 |
       Dungeon |  20215 |  18753 |   1462 |   3233 |  11953 |  15 | 1347.7 |
        Temple |    191 |    175 |     16 |      0 |    113 |   1 |  191.0 |
       Ossuary |    600 |    600 |      0 |     45 |    410 |   1 |  600.0 |
               +--------+--------+--------+--------+--------+-----+--------+

Top non-repeatable levels by time:
    D:13: 2713 daAuts
    D:11: 2386 daAuts
     D:8: 2165 daAuts
     D:9: 1829 daAuts
     D:4: 1485 daAuts
     D:7: 1299 daAuts
     D:1: 1205 daAuts
     D:5: 1194 daAuts
     D:6: 1146 daAuts
     D:2: 1011 daAuts
    D:12: 944 daAuts
     D:3: 933 daAuts
    D:14: 847 daAuts
    D:10: 810 daAuts
 Ossuary: 600 daAuts
